 Dungeon Crawl Stone Soup version 0.20-a0-465-g6513c8f (webtiles) character file.

242 Banto the Insei (level 5, -15/40 HPs)
             Began as a Draconian Transmuter on Jan 12, 2017.
             Killed by divine providence
             ... invoked by an orc priest
              (20 damage)
             ... on level 4 of the Dungeon.
             The game lasted 00:03:41 (2898 turns).

Banto the Insei (Draconian Transmuter)              Turns: 2898, Time: 00:03:42

Health: -15/40     AC:  2    Str: 12    XL:     5   Next: 82%
Magic:  5/8        EV: 19    Int: 14    God:
Gold:   37         SH:  0    Dex: 17    Spells: 2/8 levels left

rFire  . . .     SeeInvis .       - Unarmed
rCold  . . .     Gourm    .     (armour unavailable)
rNeg   . . .     Faith    .     (shield currently unavailable)
rPois  x         Spirit   .     (helmet currently unavailable)
rElec  .         Reflect  .     (cloak currently unavailable)
rCorr  .         Harm     +     (gloves currently unavailable)
MR     .....                    (boots currently unavailable)
Stlth  ++........               p - amulet of harm
                                (no ring)
                                (no ring)

@: spider-form
A: unfitting armour, (cold-blooded), AC +5
a: End Transformation


You were on level 4 of the Dungeon.
You were near starving.
You were a venomous arachnid creature.
You visited 1 branch of the dungeon, and saw 4 of its levels.

You collected 261 gold pieces.
You spent 224 gold pieces at shops.

Inventory:

Hand Weapons
 d - a +3 dagger of venom
Missiles
 a - 27 arrows
 k - a throwing net (quivered)
Jewellery
 p - an amulet of harm (around neck)
Scrolls
 g - 7 scrolls of remove curse
 m - a scroll of enchant armour {unknown}
 n - a scroll of identify
 q - a scroll of fear {unknown}
Potions
 e - a potion of mutation {unknown}
 f - 2 potions of flight
 h - a potion of might
 j - a potion of invisibility {unknown}
 o - a potion of haste
 r - 3 potions of cancellation {unknown}
 s - a potion of berserk rage
 t - 2 potions of brilliance
Books
 b - a book of Changes

   Spells                             Type                      Level
   a - Beastly Appendage              Transmutation                1
   b - Sticks to Snakes               Transmutation                2
   c - Spider Form                    Transmutation/Poison         3
   d - Ice Form                       Ice/Transmutation            4
   e - Blade Hands                    Transmutation                5
Comestibles
 c - 3 bread rations
 i - 2 meat rations


   Skills:
 - Level 1.1 Fighting
 - Level 1.7 Dodging
 + Level 5.1 Unarmed Combat
 - Level 2.0 Spellcasting
 + Level 4.4 Transmutations


You had 2 spell levels left.
You knew the following spells:

 Your Spells              Type           Power        Failure   Level  Hunger
a - Beastly Appendage     Tmut           ##....       14%         1    ##.....
b - Sticks to Snakes      Tmut           ##......     24%         2    ###....
c - Spider Form           Tmut/Pois      #.........   52%         3    ####...


Dungeon Overview and Level Annotations

Branches:
Dungeon (4/15)
 Temple: D:4-7

Altars:
Gozag

Shops:
D:4 *


Innate Abilities, Weirdness & Mutations

((Your plain brown scales are hard. (AC +5)))
You cannot fit into any form of body armour.
((You are cold-blooded and may be slowed by cold attacks.))


Message History

You hit the orc priest but do no damage.
The orc priest closely misses you.
Casting: Spider Form
Confirm with . or Enter, or press ? or * to list all spells.
You turn into a venomous arachnid creature.
You are near starving!
The orc priest hits you with a hand axe!
* * * LOW HITPOINT WARNING * * *
You take 8 damage, and have 8/40 hp.
You now have 5/8 mp.
You completely miss the orc priest. You closely miss the orc priest.
The orc priest hits you with a hand axe.
* * * LOW HITPOINT WARNING * * *
You take 3 damage, and have 5/40 hp.
You hit the orc priest but do no damage.
The orc priest is poisoned.
The orc priest calls down the wrath of Beogh upon you.
Beogh smites you!
Ouch! That really hurt!
You die...

######### #.# #
#.# # # # .# # .#
# #. #.### #
#.#####... #
.......)o# #.#
##s## #.# ##...#
###.####.#.#.#.
##8.8.8.....>....
#..⌠.⌠.##.#.#.#.#
#.8.∩.8###...##.#
#..⌠.⌠.# #.## #
######.8.8.8# #.#
.......###.## .#


You could see an orc priest.

Vanquished Creatures
  An orc priest (D:4)
  Terence (D:2)
  3 worker ants (D:4)
  4 adders
  2 oozes
  An adder skeleton (D:4)
  3 worms (D:3)
  2 dart slugs (D:1)
  3 leopard geckos
  2 orcs
  8 bats
  2 giant cockroaches
  5 hobgoblins
  A quokka (D:4)
  4 frilled lizards
  11 goblins
  10 kobolds
  A leopard gecko skeleton (D:4)
  6 rats
70 creatures vanquished.

Notes
Turn   | Place    | Note
-------+----------+-------------------------------------------
     0 | D:1      | Banto the Draconian Transmuter began the quest for the Orb.
     0 | D:1      | Reached XP level 1. HP: 16/16 MP: 3/3
   354 | D:1      | Reached XP level 2. HP: 19/23 MP: 5/5
   656 | D:1      | Learned a level 2 spell: Sticks to Snakes
   901 | D:1      | Reached XP level 3. HP: 27/28 MP: 6/6
  1058 | D:2      | Noticed Terence
  1072 | D:2      | Killed Terence
  1175 | D:2      | Reached skill level 4 in Unarmed Combat
  1388 | D:2      | Reached XP level 4. HP: 35/35 MP: 7/7
  1588 | D:2      | Found an opulent altar of Gozag.
  1860 | D:2      | Learned a level 3 spell: Spider Form
  2671 | D:4      | Reached XP level 5. HP: 38/40 MP: 4/8
  2804 | D:4      | Found Puluxidd's Assorted Antiques.
  2813 | D:4      | Bought a scroll of identify for 56 gold pieces
  2813 | D:4      | Bought a dented jade amulet for 140 gold pieces
  2813 | D:4      | Bought a scroll labeled XEJEYDGHAYBYL for 28 gold pieces
  2875 | D:4      | Reached skill level 5 in Unarmed Combat
  2898 | D:4      | Killed from afar by an orc priest

Vault maps used:
D:1:      evilmike_arrival_crescent, minmay_heptomino_d4
D:2:      first_bread, nicolae_gozag_cash_rules_everything_around_me,
          uniq_terence
D:3:      minmay_misc_feat_plants
D:4:      serial_shops, nicolae_shop_temple_entry_statues_fountains

Skill      XL: |  1  2  3  4  5 |
---------------+----------------+-----
Transmutations | 3 4 |  4.4
Unarmed Combat | 4 5 |  5.1
Fighting       | |  1.1
Dodging        | |  1.7
Spellcasting   | |  2.0

Action                   |  1- 3 |  4- 6 || total
-------------------------+-------+-------++-------
Melee: Unarmed           |   135 |   134 ||   269
       Tailslap          |    12 |    12 ||    24
       Kick              |     3 |       ||     3
       Punch             |     2 |     1 ||     3
       Headbutt          |       |     1 ||     1
 Cast: Beastly Appendage |     3 |     2 ||     5
       Sticks to Snakes  |     3 |       ||     3
       Spider Form       |       |     5 ||     5
  Use: Potion            |     1 |     1 ||     2
       Scroll            |       |    12 ||    12
 Stab: Sleeping          |       |     1 ||     1
  Eat: Chunk             |     2 |     4 ||     6
Armor: Skin              |    67 |    21 ||    88
Dodge: Dodged            |   121 |    74 ||   195

Table legend:
 A = Turns spent in this place as a percentage of turns spent in the entire game.
 B = Non-inter-level travel turns spent in this place as a percentage of non-inter-level travel turns spent in the entire game.
 C = Inter-level travel turns spent in this place as a percentage of turns spent in this place.
 D = Turns resting spent in this place as a percentage of non-inter-level travel turns spent in this place.
 E = Turns spent auto-exploring this place as a percentage of non-inter-level travel turns spent in this place.
 F = Non-inter-level travel turns spent in this place divided by the number of levels of this place that you've seen.
                   A       B       C       D       E      F
               +-------+-------+-------+-------+-------+----------------------
         Total | 100.0 | 100.0 |   0.3 |   1.6 |  12.9 | 250.2
       Dungeon | 100.0 | 100.0 |   0.3 |   1.6 |  12.9 | 250.2
               +-------+-------+-------+-------+-------+----------------------

Table legend:
 A = Kills in this place as a percentage of kills in entire the game.
 B = Kills by you in this place as a percentage of kills by you in the entire game.
 C = Kills by friends in this place as a percentage of kills by friends in the entire game.
 D = Other kills in this place as a percentage of other kills in the entire game.
 E = Experience gained in this place as a percentage of experience gained in the entire game.
 F = Experience gained in this place divided by the number of levels of this place that you have seen.
                   A       B       C       D       E      F
               +-------+-------+-------+-------+-------+----------------------
         Total | 100.0 | 100.0 |  -nan |  -nan | 100.0 |  86.8
       Dungeon | 100.0 | 100.0 |  -nan |  -nan | 100.0 |  86.8
               +-------+-------+-------+-------+-------+----------------------
